Map: Orbital Shipyard

Players

Sifuh

  • Race: Zerg Zerg
  • League: Master

EJK - Winner!

  • Race: Terran Terran
  • League: Master

VOD

Have the link to the VOD?

Description

Time

  • Played on: Nov. 15, 2015, 10:53 a.m.
  • Length: 16:55
Show
View Real Time Build Order
Export as new Build Order

Sifuh Zerg 

Build Orders: Hatch First, Lurkers 

Get SALT Encoding   

  12  0:00  Drone  
  13  0:12  Overlord  
  13  0:17  Drone  
  14  0:30  Drone x2  
  16  0:48  Hatchery  
  15  0:51  Drone  
  15  0:55  Drone  
  17  1:09  Spawning Pool  
  16  1:11  Drone  
  16  1:15  Drone  
  16  1:18  Extractor  
  17  1:19  Drone  
  18  1:28  Drone  
  19  1:39  Overlord  
  19  1:55  Queen  
  19  1:56  Zergling x2  
  19  2:00  Zergling x2  
  23  2:01  Queen  
  23  2:02  Drone  
  26  2:10  Drone  
  26  2:11  Drone  
  28  2:20  Metabolic Boost  
  28  2:24  Drone x2  
  30  2:31  Queen  
  32  2:38  Drone  
  32  2:40  Drone  
  32  2:43  Overlord  
  34  2:45  Drone  
  35  2:55  Drone  
  35  3:06  Drone x2  
  37  3:15  Zergling x8  
  37  3:16  Zergling x2  
  37  3:19  Drone  
  43  3:20  Drone  
  43  3:26  Extractor  
  43  3:27  Extractor, Queen  
  43  3:28  Overlord  
  43  3:30  Hatchery  
  44  3:48  Drone x7  
  51  3:56  Extractor  
  51  3:57  Overlord x2  
  51  3:58  Overlord, Drone  
  51  4:02  Extractor  
  51  4:09  Drone x2  
  52  4:11  Overlord  
  52  4:19  Lair  
  52  4:23  Evolution Chamber  
  51  4:24  Roach Warren  
  51  4:27  Drone x2  
  50  4:32  Drone x3  
  53  4:40  Drone x3  
  53  4:41  Drone  
  57  4:49  Drone x3  
  60  4:53  Zerg Missile Weapons Level 1  
  60  5:00  Drone x5  
  60  5:02  Drone  
  66  5:10  Drone x4  
  66  5:13  Drone  
  66  5:14  Drone  
  72  5:20  Drone x2  
  74  5:24  Glial Reconstitution  
  74  5:26  Hydralisk Den  
  74  5:28  Evolution Chamber, Drone x2  
  73  5:29  Overseer  
  73  5:31  Pneumatized Carapace  
  73  5:33  Drone x2  
  76  5:40  Roach x4  
  84  5:45  Overlord  
  84  5:46  Overlord x2  
  84  5:52  Extractor  
  84  5:54  Zerg Ground Armor Level 1  
  83  5:57  Muscular Augments  
  85  6:04  Roach x7  
  85  6:06  Drone  
  85  6:08  Drone x2  
  85  6:09  Drone, Extractor  
  100  6:15  Drone  
  100  6:17  Baneling Nest  
  100  6:23  Hatchery  
  97  6:29  Queen  
  99  6:33  Roach  
  99  6:34  Roach x2  
  99  6:35  Overlord x3  
  105  6:49  Overlord x3  
  105  6:54  Roach  
  105  6:55  Roach x7  
  105  6:56  Zerg Missile Weapons Level 2  
  121  7:01  Centrifical Hooks  
  114  7:13  Hydralisk x4, Roach x2  
  125  7:17  Lurker Den  
  125  7:18  Roach  
  125  7:19  Roach  
  129  7:26  Queen  
  129  7:29  Overseer  
  131  7:37  Roach x7  
  131  7:38  Roach  
  131  7:43  Queen  
  149  7:44  Hydralisk x2  
  149  7:46  Hydralisk  
  154  7:57  Overlord x3  
  154  7:58  Overlord  
  154  8:17  Hatchery  
  153  8:24  Overlord x3  
  153  8:25  Hydralisk x6  
  165  8:32  Roach x4  
  173  8:38  Queen x2  
  177  8:45  Lurker x4  
  177  8:46  Lurker x2  
  183  8:52  Roach  
  183  8:53  Roach x3  
  166  9:07  Hydralisk x5, Roach  
  166  9:08  Roach x2  
  179  9:10  Lurker x2  
  172  9:34  Hatchery, Roach x4  
  172  9:35  Roach x4  
  180  9:41  Roach x3  
  185  9:51  Drone x7  
  193  10:00  Roach x3  
  189  10:07  Hydralisk x3  
  191  10:15  Infestation Pit  
  191  10:17  Spore Crawler  
  189  10:22  Extractor  
  189  10:23  Zerg Ground Armor Level 2  
  180  10:43  Lurker x2  
  180  10:44  Lurker x2  
  180  10:46  Hydralisk x4  
  188  10:53  Drone  
  188  10:54  Drone x2  
  188  10:55  Drone x5  
  188  10:56  Extractor  
  191  11:02  Overlord  
  191  11:04  Drone x5  
  191  11:05  Drone  
  194  11:31  Drone x3  
  194  11:32  Drone x3  
  194  11:44  Drone x3  
  192  11:49  Drone x2, Spine Crawler  
  192  11:51  Spine Crawler  
  192  11:52  Hive  
  153  12:10  Hydralisk  
  153  12:11  Hydralisk x8  
  153  12:12  Roach x3  
  161  12:26  Lurker  
  161  12:28  Hydralisk  
  161  12:29  Hydralisk x8  
  157  12:39  Spire  
  157  12:41  Lurker x3  
  155  12:46  Lurker  
  155  12:47  Lurker  
  157  12:56  Queen x2  
  161  13:04  Hydralisk, Roach x3  
  169  13:13  Hatchery  
  169  13:14  Roach  
  169  13:15  Roach x4  
  178  13:20  Hydralisk x2  
  179  13:35  Roach x8  
  181  13:49  Ravager x3  
  181  13:51  Lurker x3  
  185  13:59  Roach x6  
  185  14:01  Zerg Missile Weapons Level 3  
  181  14:22  Roach  
  181  14:23  Roach x9  
  146  14:51  Hydralisk x4, Roach  
  146  14:52  Hydralisk, Roach x6  
  161  14:56  Roach x2  
  154  15:12  Hydralisk x2, Roach  
  154  15:13  Hydralisk, Roach x3  
  164  15:21  Roach x3  
  147  15:22  Hydralisk  
  153  15:32  Spine Crawler  
  153  15:33  Ravager x4, Spine Crawler  
  135  15:52  Hydralisk x3  
  135  15:53  Hydralisk, Roach  
  136  16:03  Roach  
  127  16:04  Roach x2  
  117  16:13  Lurker x3  
  117  16:14  Ravager x4  
  121  16:20  Roach  
  121  16:21  Roach  
Show
View Real Time Build Order
Export as new Build Order

EJK Terran - Winner!

Build Orders: Reaper Expand 

Get SALT Encoding   

  12  0:00  SCV  
  13  0:13  SCV  
  14  0:22  Supply Depot  
  14  0:25  SCV  
  15  0:44  SCV  
  15  0:45  Barracks  
  15  0:48  Refinery  
  16  0:56  SCV  
  17  1:08  SCV  
  18  1:20  SCV  
  19  1:34  Orbital Command  
  19  1:35  Reaper  
  20  1:40  Command Center  
  20  1:54  Supply Depot  
  20  2:00  SCV  
  21  2:07  Reaper  
  22  2:12  SCV  
  23  2:24  SCV  
  24  2:30  Factory  
  24  2:37  SCV  
  24  2:42  Command Center  
  25  2:45  Refinery  
  25  2:48  Barracks Reactor  
  25  2:50  SCV  
  26  2:55  Orbital Command  
  26  3:03  SCV  
  27  3:15  SCV  
  28  3:22  SCV  
  28  3:23  Factory  
  29  3:27  SCV  
  29  3:29  Hellion x2  
  34  3:34  SCV  
  34  3:36  Barracks Tech Lab  
  34  3:39  SCV  
  36  3:48  SCV  
  36  3:51  SCV, Hellion x2  
  41  3:55  Orbital Command  
  41  4:00  SCV  
  42  4:03  SCV  
  43  4:12  Hellion x2  
  43  4:14  Cyclone  
  43  4:15  Factory  
  43  4:16  SCV  
  43  4:17  SCV  
  52  4:22  Refinery x2  
  52  4:24  SCV  
  52  4:25  Supply Depot  
  52  4:29  SCV x2  
  55  4:34  Hellion  
  55  4:36  SCV  
  55  4:38  Barracks Tech Lab  
  58  4:41  SCV x2  
  60  4:47  Cyclone, Hellion  
  60  4:48  SCV  
  60  4:51  Orbital Command  
  66  4:52  Supply Depot  
  66  4:58  SCV  
  67  5:02  Hellion  
  67  5:06  Supply Depot  
  69  5:13  SCV  
  69  5:14  SCV, Cyclone, Hellion  
  69  5:18  Engineering Bay  
  69  5:20  SCV  
  76  5:22  Supply Depot  
  76  5:25  SCV  
  76  5:27  Infernal Pre-Igniter  
  76  5:28  Cyclone  
  80  5:29  SCV  
  80  5:32  SCV  
  82  5:38  SCV  
  82  5:40  Hellion  
  85  5:44  SCV x2, Hellion  
  89  5:51  Mag-Field Accelerator  
  89  5:53  Hellion  
  89  5:54  Supply Depot x2  
  89  5:55  Refinery  
  89  5:56  Refinery  
  92  6:02  Supply Depot, Missile Turret  
  92  6:03  Missile Turret  
  91  6:04  Missile Turret  
  91  6:12  SCV x2, Missile Turret  
  91  6:16  SCV, Cyclone  
  97  6:20  Cyclone  
  97  6:24  SCV  
  101  6:26  SCV  
  101  6:28  SCV  
  101  6:31  Hellion x2  
  107  6:33  Starport  
  107  6:38  SCV, Supply Depot  
  108  6:42  SCV x2  
  110  6:48  Cyclone  
  110  6:52  Cyclone  
  110  6:53  Factory  
  116  6:59  Factory  
  116  7:01  Liberator  
  116  7:03  SCV x3  
  116  7:04  Hellion  
  119  7:15  SCV x2  
  119  7:17  Hellion  
  119  7:22  Armory  
  124  7:23  Supply Depot  
  124  7:24  Supply Depot x2  
  124  7:34  Supply Depot  
  124  7:40  Supply Depot x2  
  124  7:44  Liberator  
  124  7:45  Cyclone x2  
  124  7:49  Command Center  
  130  7:53  Factory Tech Lab, Factory Reactor  
  130  7:55  Supply Depot  
  130  7:56  Supply Depot  
  131  8:12  Terran Vehicle Weapons Level 1  
  131  8:13  Cyclone  
  131  8:16  Hellion x2  
  131  8:17  Cyclone x2  
  144  8:32  Hellion x2  
  148  8:38  Hellion x2  
  152  8:43  Supply Depot  
  152  8:45  Supply Depot, Cyclone  
  155  8:49  Cyclone x2  
  155  8:53  Hellion x2  
  163  8:59  Hellion x2  
  165  9:14  Hellion  
  165  9:15  Hellion  
  169  9:17  Cyclone  
  169  9:20  Hellion  
  169  9:21  Hellion, Cyclone x2  
  173  9:36  Hellion x2  
  177  9:48  Armory  
  177  9:49  Cyclone  
  177  9:50  Command Center  
  177  9:52  Command Center  
  180  9:53  Cyclone  
  180  9:58  Liberator  
  171  10:10  Cyclone  
  171  10:12  Planetary Fortress  
  178  10:21  Cyclone  
  178  10:29  Terran Vehicle And Ship Armor Level 1  
  176  10:38  Cyclone  
  176  10:39  Hellion x2  
  176  10:40  Refinery x2  
  176  10:42  Missile Turret  
  176  11:03  Orbital Command  
  94  11:04  Orbital Command  
  179  11:17  Starport Reactor  
  176  11:19  Terran Vehicle Weapons Level 2  
  176  11:21  Cyclone x2  
  176  11:23  Command Center, Cyclone  
  176  11:25  Hellion x3  
  182  11:48  Hellion x2  
  182  11:49  Hellion x2  
  182  11:53  Cyclone  
  178  12:09  Cyclone x2  
  178  12:11  Hellion  
  178  12:12  Hellion x3  
  180  12:25  Cyclone  
  169  12:33  Hellion x4  
  169  12:35  Liberator x2  
  174  12:41  Cyclone x2  
  178  12:47  Fusion Core  
  178  12:48  Starport  
  178  12:52  Starport  
  178  12:56  Hellion x3, Refinery  
  190  13:03  Sensor Tower  
  190  13:06  Cyclone  
  191  13:22  Refinery  
  188  13:30  Starport Tech Lab  
  188  13:31  Cyclone x2  
  190  13:36  Hellion  
  190  13:37  Hellion x3  
  195  13:44  Behemoth Reactor  
  191  13:52  Planetary Fortress  
  194  13:56  Missile Turret  
  191  14:10  Battlecruiser  
  176  14:20  Cyclone x2  
  168  14:24  Hellion  
  168  14:25  Hellion x2  
  165  14:33  Liberator  
  156  14:44  Cyclone  
  136  14:47  Hellion x3  
  136  14:52  Cyclone x2  
  130  15:14  Battlecruiser  
  130  15:16  Cyclone  
  132  15:24  Hellion x3, Cyclone  
  132  15:25  Hellion  
  143  15:41  Cyclone  
  143  15:48  Cyclone  
  144  15:56  Cyclone  
  115  16:15  Cyclone  
  114  16:20  Cyclone  
  114  16:22  Starport Tech Lab  
Tags
 
Add a new tag
Caveats
  • Supply blocks, unpowered buildings, or Contaminate may cause inaccurate times.
  • Supply counts are checked every 10 seconds.